 Dungeon Crawl Stone Soup version 0.30.0-5-g1a98f26d00 (webtiles) character file.

Game seed: 5359275387488460255

1428 Jase the Cleaver (level 8, -6/66 HPs)
             Began as a Hill Orc Fighter on May 8, 2023.
             Mangled by an orc warrior
             ... wielding a +0 glaive
              (10 damage)
             ... on level 6 of the Dungeon.
             The game lasted 00:12:02 (6615 turns).

Jase the Cleaver (Hill Orc Fighter)                 Turns: 6615, Time: 00:12:02

Health: -6/66      AC: 16    Str: 21    XL:     8   Next: 72%
Magic:  8/8        EV:  5    Int:  8    God:
Gold:   2          SH:  4    Dex: 10    Spells: 7/7 levels left

rFire   + . .        a - +0 war axe
rCold   . . .        c - +0 buckler
rNeg    . . .        u - +0 plate armour
rPois   .            C - +0 helmet
rElec   .            y - +0 cloak
rCorr   .            q - +0 pair of gloves
SInv    .            D - +0 pair of boots
Will    +....        (no amulet) Stlth
                     F - ring of protection from fire
HPRegen 0.31/turn    J - ring of willpower
MPRegen 0.11/turn

%: no passive effects
@: no status effects
A: no striking features
a: no special abilities


You were on level 6 of the Dungeon.
You visited 1 branch of the dungeon, and saw 6 of its levels.

You collected 409 gold pieces.
You spent 407 gold pieces at shops.

Inventory:

Hand Weapons
 a - a +0 war axe (weapon)
Missiles
 w - 9 poisoned darts (quivered)
 G - 2 curare-tipped darts
Armour
 c - a +0 buckler (worn)
 q - a +0 pair of gloves (worn)
 u - a +0 plate armour (worn)
 y - a +0 cloak (worn)
 C - a +0 helmet (worn)
 D - a +0 pair of boots (worn)
Jewellery
 z - a ring of fire
 F - a ring of protection from fire (left hand)
 J - a ring of willpower (right hand)
Wands
 p - a wand of flame (13)
 x - a wand of roots (7)
 I - a wand of paralysis (8)
Scrolls
 d - a scroll of silence
 e - a scroll of enchant weapon
 f - 2 scrolls of fog
 h - a scroll of blinking
 i - 5 scrolls of teleportation
 n - a scroll of vulnerability
 o - 2 scrolls of enchant armour {unknown}
 r - a scroll of noise {unknown}
 s - a scroll of magic mapping {unknown}
 t - 2 scrolls of poison {unknown}
 A - a scroll of brand weapon {unknown}
 B - a scroll of amnesia {unknown}
 H - a scroll of torment {unknown}
 M - a scroll of immolation {unknown}
Potions
 b - a potion of ambrosia
 g - 2 potions of haste
 j - 3 potions of heal wounds
 k - 2 potions of flight
 l - 6 potions of curing
 m - 2 potions of resistance
 v - 5 potions of attraction
 E - 3 potions of magic
 K - a potion of might
 L - a potion of invisibility {unknown}


   Skills:
 + Level 4.0 Fighting
 * Level 13.4 Axes
 + Level 3.6 Armour
 - Level 3.2 Shields


You had 7 spell levels left.
You didn't know any spells.
Your spell library contained the following spells:

 Spells                   Type           Power      Damage    Failure   Level
 Freeze                   Ice            0%         1d3       100%        1
 Ensorcelled Hibernation  Hex/Ice        0%         N/A       100%        2
 Frozen Ramparts          Ice            0%         1d1       100%        3
 Hailstorm                Conj/Ice       0%         3d3       100%        3
 Spider Form              Tmut/Pois      0%         N/A       100%        3
 Anguish                  Hex/Necr       0%         N/A       100%        4
 Blade Hands              Tmut           0%         N/A       100%        5
 Irradiate                Conj/Tmut      0%         3d11      100%        5
 Dragon Form              Tmut           0%         N/A       100%        7


Dungeon Overview and Level Annotations

Branches:
Dungeon (6/15)
 Temple: D:4-7

Altars:
Fedhas
Gozag
Hepliaklqana
Beogh

Shops:
D:1 !   D:4 !   D:5 *

Annotations:
D:3 3 runed translucent doors, relicbr's ghost, amateur MiGl
D:4 1 runed translucent door, Crazy Yiuf
D:5 2 runed translucent doors, Irreverend's ghost, novice GrEE
D:6 Menkaure; Prince Ribbit


Message History

You kill the orc!
An orc warrior comes into view. It is wielding a +0 glaive.
Prince Ribbit hits you!
An orc comes into view. It is wielding a +0 dagger.
Prince Ribbit blinks!
Things that are here:
a +0 club; a +0 trident Prince Ribbit blinks!
The orc hits you but does no damage.
You hit the orc.
The orc is severely wounded.
The orc hits you but does no damage.
You slash the orc!
You kill the orc!
Menkaure hums a few words.
Menkaure calls on the powers of darkness!
Your body is wracked with pain!
The orc warrior convulses!
The orc warrior hits you from afar with a +0 glaive!
You see here a +0 mace.
You are too injured to fight recklessly!
You are too injured to fight recklessly!
You are too injured to fight recklessly!
You are too injured to fight recklessly!
You are too injured to fight recklessly!
You are too injured to fight recklessly!
You hit Menkaure.
Menkaure is lightly damaged.
Menkaure hits you!
* * * LOW HITPOINT WARNING * * *
The orc warrior hits you from afar with a +0 glaive.
* * * LOW HITPOINT WARNING * * *
You hit Menkaure.
Menkaure is heavily damaged.
The orc warrior barely misses you.
Menkaure murmurs in an indecipherable tongue.
Menkaure hits you.
* * * LOW HITPOINT WARNING * * *
You hit Menkaure but do no damage.
Menkaure is heavily damaged.
The orc warrior hits you from afar with a +0 glaive!
You die... ##### #......# #...# #...... #...# #..... #.... #.... #.... #... #.... #oF

#.).. #M# #...#
#@#.# #...#
#.#.##########..[#
#)#.#>............
#.#.#....#####....
#.#.#.##..# #####
#(#.#.###.###
#.#.#.# #...###
#.#.#.# ###..[#
##...#.## ###.####


You could see Prince Ribbit, an orc warrior and Menkaure.

Vanquished Creatures
  Sigmund (D:6)
  Edmund (D:6)
  Duvessa (D:4)
  An ice beast (D:5)
  An orc warrior (D:6)
  An ogre (D:5)
  2 phantoms
  Dowan (D:4)
  6 hounds
  6 jellies
  2 gnoll boudas
  A sleepcap (D:5)
  Ijyb (D:2)
  4 adders
  A white imp (D:5)
  An ufetubus (D:5)
  4 dart slugs
  17 orcs
  5 ball pythons
  3 endoplasms (D:4)
  2 giant cockroaches
  7 goblins
  3 hobgoblins
  2 quokkas
  2 frilled lizards
  7 kobolds
  3 rats
86 creatures vanquished.

Notes
Turn   | Place    | Note
-------+----------+-------------------------------------------
     0 | D:1      | Jase the Hill Orc Fighter began the quest for the Orb.
     0 | D:1      | Reached XP level 1. HP: 19/19 MP: 1/1
   314 | D:1      | Reached skill level 3 in Axes
   425 | D:1      | You fall into a shaft and drop 1 floor!
   518 | D:1      | Found Dotsics's Distillery.
   526 | D:1      | Bought a potion of curing for 33 gold pieces
   653 | D:1      | Reached XP level 2. HP: 26/26 MP: 2/2
  1043 | D:2      | Noticed Ijyb
  1058 | D:2      | Killed Ijyb
  1059 | D:2      | Reached skill level 5 in Axes
  1059 | D:2      | Reached XP level 3. HP: 17/31 MP: 3/3
  1417 | D:1      | Bought a potion of heal wounds for 55 gold pieces
  1573 | D:3      | Reached XP level 4. HP: 23/39 MP: 4/4
  1853 | D:1      | Bought a potion of flight for 33 gold pieces
  2055 | D:3      | Found a blossoming altar of Fedhas.
  2254 | D:3      | Reached skill level 6 in Axes
  2333 | D:3      | Found a runed translucent gate.
  2333 | D:3      | Found a runed translucent gate.
  2334 | D:3      | Found a runed translucent gate.
  2335 | D:3      | Identified the +7 spear of Traps {protect, Str+2}
  2335 | D:3      | Noticed relicbr's ghost (amateur MiGl)
  2670 | D:3      | Found a roughly hewn altar of Beogh.
  2724 | D:4      | Reached XP level 5. HP: 37/45 MP: 5/5
  2924 | D:4      | Noticed Dowan
  2924 | D:4      | Noticed Duvessa
  2943 | D:4      | Killed Dowan
  2944 | D:4      | Reached skill level 7 in Axes
  2946 | D:4      | Killed Duvessa
  2947 | D:4      | Reached skill level 8 in Axes
  2947 | D:4      | Reached XP level 6. HP: 23/51 MP: 6/6
  3048 | D:4      | Found Ibuschukh's Distillery.
  3057 | D:4      | Bought a potion of degeneration for 12 gold pieces
  3058 | D:4      | Bought a potion of haste for 120 gold pieces
  3187 | D:4      | Reached skill level 9 in Axes
  3291 | D:4      | Found a runed translucent door.
  3292 | D:4      | Noticed Crazy Yiuf
  3497 | D:4      | Reached XP level 7. HP: 48/57 MP: 7/7
  3745 | D:1      | Bought a potion of attraction for 33 gold pieces
  4119 | D:5      | Entered Level 5 of the Dungeon
  4153 | D:5      | Found Koder's Assorted Antiques.
  4165 | D:5      | Reached skill level 10 in Axes
  4475 | D:1      | Bought a potion of lignification for 33 gold pieces
  4941 | D:5      | Reached skill level 11 in Axes
  5049 | D:5      | Found a large runed translucent door.
  5049 | D:5      | Found a large runed translucent door.
  5051 | D:5      | Noticed Irreverend's ghost (novice GrEE)
  5378 | D:5      | Reached XP level 8. HP: 45/64 MP: 8/8
  5693 | D:6      | Found an opulent altar of Gozag.
  5697 | D:6      | Noticed Edmund
  5705 | D:6      | Killed Edmund
  5706 | D:6      | Reached skill level 12 in Axes
  5984 | D:6      | Reached skill level 13 in Axes
  6075 | D:6      | Noticed Sigmund
  6090 | D:6      | Killed Sigmund
  6312 | D:1      | Bought a potion of ambrosia for 88 gold pieces
  6562 | D:6      | Found a hazy altar of Hepliaklqana.
  6604 | D:6      | Noticed Prince Ribbit
  6606 | D:6      | Noticed Menkaure
  6614 | D:6      | HP: 3/66 [Menkaure (5)]
  6615 | D:6      | Mangled by an orc warrior

Illustrated notes

Levels and vault maps discovered:
D:1:      dpeg_arrival_round_b, layout_basic, serial_shops,
          nicolae_shop_advertising_works [nicolae_subvault_shop_adworks]
D:2:      kennysheep_the_goblin_king, layout_rooms, minmay_misc_feat_tiny
D:3:      layout_loops_ring, amcnicky_altar_gilded, biasface_ghost_orc_armoury
D:4:      layout_basic, serial_shops, shop, minmay_joined_circles, uniq_duvessa,
          uniq_crazy_yiuf_cottage
D:5:      layout_cave_pods, serial_park, serial_park_fountain,
          serial_park_tiny_2, serial_park_tiny_pond, serial_park_square3
          [serial_park_minivault_5x5_7], serial_park_tiny_2, serial_park_tiny_1,
          ebering_ghost_disaster_area, serial_shops, nicolae_shop_stone
D:6:      layout_basic, mainiacjoe_overflow_24_doors,
          worldfamousw_hep_ancestral_shrine, uniq_prince_ribbit1, uniq_menkaure,
          uniq_sigmund, uniq_edmund

Skill      XL: |  1  2  3  4  5  6  7  8 |
---------------+-------------------------+-----
Axes           | 3 5 6 8 9 11 13 | 13.4
Fighting       | 4 |  4.0
Armour         | |  3.6
Shields        | |  3.2

Action                     |  1- 3 |  4- 6 |  7- 9 || total
---------------------------+-------+-------+-------++-------
  Melee: War axe           |    63 |   136 |   116 ||   315
    Use: Potion            |       |     2 |       ||     2
         Scroll            |       |       |     9 ||     9
 Armour: Scale mail        |     4 |       |       ||     4
         Chain mail        |    24 |     1 |       ||    25
         Plate armour      |       |    85 |    73 ||   158
  Dodge: Dodged            |    25 |    27 |    19 ||    71
  Block: Buckler           |     8 |    31 |    26 ||    65
